 Dungeon Crawl Stone Soup version 0.19.1-1-g22dce08 (webtiles) character file.

3336 TuxedoFelix the Carver (level 9, -1/79 HPs)
             Began as a Minotaur Fighter on Jan 15, 2017.
             Was a Follower of Qazlal.
             Splashed by Maurice's acid (14 damage)
             ... on level 8 of the Dungeon.
             The game lasted 00:54:55 (9062 turns).

TuxedoFelix the Carver (Minotaur Fighter)           Turns: 9062, Time: 00:54:55

Health: -1/79      AC: 10    Str: 29    XL:     9   Next: 72%
Magic:  9/9        EV:  7    Int:  5    God:    Qazlal [*.....]
Gold:   341        SH: 14    Dex: 12    Spells: 0 memorised, 8 levels left

rFire  . . .     SeeInvis .     a - +2 long sword
rCold  . . .     Gourm    .     j - +2 plate armour
rNeg   . . .     Faith    .     c - +0 shield
rPois  .         Spirit   .     (helmet restricted)
rElec  .         Reflect  .     C - +0 cloak
rCorr  .         Harm     .     s - +0 pair of gloves
MR     .....                    (no boots)
Stlth  ..........               (no amulet)
                                (no ring)
                                r - +2 ring of dexterity

@: mighty, lethally poisoned (-1 -> -2), corroded
A: retaliatory headbutt, horns 2
a: Renounce Religion


You were on level 8 of the Dungeon.
You worshipped Qazlal.
Qazlal was aware of your devotion.
You were hungry.

You visited 2 branches of the dungeon, and saw 9 of its levels.
You also visited: Ossuary.

You collected 341 gold pieces.

Inventory:

Hand Weapons
 a - a +2 long sword (weapon)
Missiles
 M - 2 tomahawks of dispersal (quivered)
Armour
 c - a +0 shield (worn)
 j - a +2 plate armour (worn)
 s - a +0 pair of gloves (worn)
 C - a +0 cloak (worn)
Jewellery
 r - a +2 ring of dexterity (left hand)
Wands
 t - a wand of slowing (33/48)
 y - a wand of slowing (22/48)
 z - a wand of polymorph (0/24)
 D - a wand of acid (6/15)
 I - a wand of digging (9/24)
Scrolls
 i - a scroll of immolation
 k - 4 scrolls of magic mapping
 q - 2 scrolls of fog
 w - 3 scrolls of remove curse
 x - 8 scrolls of teleportation
 B - 2 scrolls of amnesia
Potions
 d - 4 potions of might
 e - a potion of berserk rage {unknown}
 g - 2 potions of curing
 h - 2 potions of lignification
 l - 2 potions of resistance
 m - 3 potions of invisibility
 o - a potion of cancellation {unknown}
 p - a potion of flight {unknown}
 u - 2 potions of brilliance {unknown}
 A - 3 potions of mutation
 G - 2 potions of heal wounds
Comestibles
 f - 3 bread rations
 v - 11 fruits
 E - 3 beef jerkies
 F - 2 meat rations


   Skills:
 + Level 7.2 Fighting
 + Level 10.2 Long Blades
 + Level 8.4 Armour
 + Level 0.7 Dodging
 + Level 0.8 Stealth
 + Level 8.8 Shields
 + Level 2.0 Invocations
 + Level 1.0 Evocations


You had 8 spell levels left.
You didn't know any spells.

Dungeon Overview and Level Annotations

Branches:
Dungeon (8/15)             Temple (1/1) D:4
   Lair: D:8-11

Altars:
Cheibriados
Fedhas
Makhleb
Qazlal
Ru
Trog
Uskayaw
Vehumet
Xom
Yredelemnul
Zin
The Shining One

Shops:
D:3 *

Annotations:
D:8 Maurice


Innate Abilities, Weirdness & Mutations

You reflexively headbutt those who attack you in melee.
You have a pair of horns on your head.


Message History

You closely miss Maurice. Your headbutt misses Maurice.
Maurice is lightly wounded.
You feel sick. You block Maurice's attack.
Your shield and plate armour prevent you from hitting Maurice.
Maurice is lightly wounded.
You slash Maurice! You headbutt Maurice!!
Maurice is severely wounded.
Maurice zaps a wand.
The bolt of acid hits you! The acid corrodes you!
You are splashed with acid!
The acid burns!
You barely miss Maurice. Your headbutt misses Maurice.
Maurice is severely wounded.
You feel sick.
Maurice hits you with a dagger of chaos.
Maurice steals some of your gold!
You hit Maurice but do no damage.
Maurice is severely wounded.
Maurice zaps a wand.
The bolt of acid hits you!
* * * LOW HITPOINT WARNING * * *
You are splashed with acid!
The acid burns!
You die...

##..# .. ....## .### #### #(...
... ...# #.#.# .)# ...#
##.#.##..# # ...#
#........####+#### ...#
#..#..##.#.......#
...#############@@..).).#........
...................#..#.#........
################.#.##.#.######'##
########## #.#.##...........#
.........# ..#...........(..#
.........# #######...........#
.........# ..........######'##
.........# #######.#.# #.#
.........# ...#.# #.#


You could see Maurice.

Vanquished Creatures
  The ghost of dngmouse the Cleaver, a novice HOFi (D:7)
  Psyche (D:8)
  An orc warrior (D:7)
  A phantom (D:4)
  A sky beast (D:8)
  A black bear (D:8)
  An ogre (D:5)
  The ghost of Atlantean the Skirmisher, an amateur DsFi (D:3)
  A centaur (D:5)
  6 bullfrogs
  3 scorpions
  3 crimson imps
  A bullfrog zombie (D:6)
  3 hounds
  A gnoll shaman (D:6)
  6 orc priests
  A jelly (D:6)
  8 orc wizards
  Natasha (thrice) (D:3)
  An iguana (D:7)
  2 worker ants
  2 big kobold zombies (Ossuary)
  A hound zombie (D:5)
  2 hound skeletons (D:6)
  8 mummies (Ossuary)
  2 worker ant zombies
  5 gnolls
  10 adders
  2 oozes (D:3)
  An adder zombie (D:5)
  3 worms
  A dart slug (D:1)
  5 leopard geckos
  33 orcs
  7 bats
  5 giant cockroaches
  A gnoll zombie (Ossuary)
  A goblin (D:1)
  3 hobgoblins
  15 jackals
  11 kobolds
  2 quokkas (D:4)
  A ball python (D:7)
  4 frilled lizards
  A jackal skeleton (D:7)
  2 kobold zombies (Ossuary)
  A leopard gecko skeleton (D:4)
  3 orc zombies (Ossuary)
  A quokka skeleton (D:7)
  9 rats
189 creatures vanquished.

Notes
Turn   | Place    | Note
-------+----------+-------------------------------------------
     0 | D:1      | TuxedoFelix the Minotaur Fighter began the quest for the Orb.
     0 | D:1      | Reached XP level 1. HP: 19/19 MP: 0/0
   272 | D:1      | Reached XP level 2. HP: 27/27 MP: 1/1
   596 | D:1      | Reached XP level 3. HP: 11/33 MP: 2/2
  1159 | D:2      | Reached skill level 3 in Long Blades
  1908 | D:3      | Found a shimmering altar of Xom.
  1930 | D:3      | Reached XP level 4. HP: 32/40 MP: 3/3
  1998 | D:3      | Noticed Atlantean's ghost (amateur DsFi)
  2015 | D:3      | Killed Atlantean's ghost
  2015 | D:3      | Reached skill level 4 in Long Blades
  2015 | D:3      | Reached XP level 5. HP: 24/46 MP: 4/4
  2191 | D:3      | Found a blossoming altar of Fedhas.
  2198 | D:3      | Reached skill level 5 in Armour
  2267 | D:3      | Noticed Natasha
  2279 | D:3      | Killed Natasha
  2785 | D:3      | Found Zin's Purification Station.
  2787 | D:3      | Found a glowing silver altar of Zin.
  2794 | D:3      | Found a radiant altar of Vehumet.
  2860 | D:3      | Noticed Natasha
  2866 | D:3      | Killed Natasha
  2921 | D:3      | Noticed Natasha
  2926 | D:3      | Killed Natasha
  2926 | D:3      | Reached skill level 5 in Shields
  2926 | D:3      | Reached XP level 6. HP: 50/53 MP: 5/5
  3303 | D:4      | Found a stormy altar of Qazlal.
  3321 | D:4      | Became a worshipper of Qazlal Stormbringer
  3376 | D:4      | Found a staircase to the Ecumenical Temple.
  3383 | Temple   | Entered the Ecumenical Temple
  3449 | D:4      | Reached skill level 5 in Long Blades
  3914 | D:4      | Found a burning altar of Makhleb.
  4193 | D:4      | Reached XP level 7. HP: 60/60 MP: 6/6
  4216 | D:4      | Found a bloodstained altar of Trog.
  4399 | D:5      | Entered Level 5 of the Dungeon
  4502 | D:5      | Reached * piety under Qazlal
  4746 | D:5      | Reached skill level 6 in Long Blades
  4906 | D:5      | Reached skill level 5 in Fighting
  5139 | D:5      | Found a faded altar of an unknown god.
  5139 | D:5      | Found a faded altar of an unknown god.
  5146 | D:5      | Found a faded altar of an unknown god.
  5150 | D:5      | Found a faded altar of an unknown god.
  5152 | D:5      | Found a basalt altar of Yredelemnul.
  5768 | D:6      | Reached XP level 8. HP: 59/68 MP: 7/7
  5776 | D:6      | Reached skill level 7 in Long Blades
  5807 | D:6      | Reached ** piety under Qazlal
  6679 | D:6      | Reached skill level 8 in Long Blades
  6778 | D:7      | Noticed dngmouse's ghost (novice HOFi)
  6818 | D:7      | Killed dngmouse's ghost
  6818 | D:7      | Reached skill level 9 in Long Blades
  6818 | D:7      | Reached skill level 1 in Invocations
  6818 | D:7      | Reached XP level 9. HP: 24/78 MP: 8/8
  7210 | D:7      | Found a sand-covered staircase.
  7233 | Ossuary  | Entered an ossuary
  7891 | D:7      | Found a sacrificial altar of Ru.
  7892 | D:7      | Found a glowing golden altar of the Shining One.
  8006 | D:7      | Reached skill level 1 in Evocations
  8448 | D:8      | Noticed Psyche
  8700 | D:8      | Killed Psyche
  8701 | D:8      | Reached skill level 10 in Long Blades
  9049 | D:8      | Noticed Maurice
  9062 | D:8      | Splashed by Maurice's acid

Skill      XL: |  1  2  3  4  5  6  7  8  9 |
---------------+----------------------------+-----
Shields        | 4 5 6 8 |  8.8
Fighting       | 4 5 6 7 |  7.2
Long Blades    | 3 4 5 6 9 10 | 10.2
Armour         | 4 5 6 7 8 |  8.4
Invocations    | 1 2 |  2.0
Evocations     | 1 |  1.0
Dodging        | |  0.7
Stealth        | |  0.8

Action                   |  1- 3 |  4- 6 |  7- 9 || total
-------------------------+-------+-------+-------++-------
Melee: Long sword        |   130 |   149 |   441 ||   720
       Headbutt          |    20 |    36 |   102 ||   158
Invok: Upheaval          |       |       |    10 ||    10
Evoke: Wand              |       |       |    10 ||    10
  Use: Scroll            |     6 |     3 |    19 ||    28
       Potion            |       |       |     1 ||     1
  Eat: Chunk             |     2 |     4 |     6 ||    12
       Bread ration      |     1 |       |     1 ||     2
       Royal jelly       |       |       |     2 ||     2
       Pizza             |       |       |     1 ||     1
Armor: Plate armour      |    87 |    88 |   180 ||   355
       Scale mail        |     6 |       |       ||     6
Dodge: Dodged            |    31 |    26 |    58 ||   115
Block: Shield            |    75 |    82 |   226 ||   383
       Rpst.: Long sword |     6 |    11 |    14 ||    31
